 Dungeon Crawl Stone Soup version 0.27.1-34-g3ba077fa99 (webtiles) character file.

Game seed: 9609973113630113194

69 styxcanada the Sneak (level 4, 0/23 HPs)
             Began as a Spriggan Brigand on Jan 27, 2022.
             Slain by a quokka (3 damage)
             ... on level 2 of the Dungeon.
             The game lasted 00:09:45 (1880 turns).

styxcanada the Sneak (Spriggan Brigand)             Turns: 1880, Time: 00:09:46

Health: 0/23       AC:  3    Str:  7    XL:     4   Next: 2%
Magic:  5/5        EV: 17    Int: 12    God:
Gold:   15         SH:  0    Dex: 17    Spells: 3/3 levels left

rFire    . . .     SeeInvis +   a - +2 dagger (vorpal)
rCold    . . .     Faith    .   (shield restricted)
rNeg     . . .     Spirit   .   b - +0 robe
rPois    .         Reflect  .   (helmet restricted)
rElec    .         Harm     .   c - +0 cloak
rCorr    .         Rampage  .   (gloves unavailable)
Will     .....                  (boots unavailable)
Stlth    ++++......             (no amulet)
HPRegen  0.07/turn              (no ring)
MPRegen  0.09/turn              (no ring)

@: very quick
A: very small, no large weapons, unfitting armour, see invisible, speed 3
a: no special abilities


You were on level 2 of the Dungeon.
You visited 1 branch of the dungeon, and saw 2 of its levels.

You collected 55 gold pieces.
You spent 40 gold pieces at shops.

Inventory:

Hand Weapons
 a - a +2 vorpal dagger (weapon)
Missiles
 d - 2 poisoned darts (quivered)
 e - 2 curare-tipped darts
 h - 48 stones
Armour
 b - a +0 robe (worn)
 c - a +0 cloak (worn)
Scrolls
 o - 2 scrolls of identify
Potions
 i - a potion of mutation
 k - a potion of heal wounds
 l - a potion of curing
 m - a potion of brilliance {unknown}
 n - a potion of attraction {unknown}


   Skills:
 * Level 1.8 Fighting
 + Level 2.6 Short Blades
 + Level 2.1 Throwing
 * Level 2.1 Dodging
 * Level 7.6 Stealth


You had 3 spell levels left.
You didn't know any spells.
Your spell library contained the following spells:

 Spells                   Type           Power      Damage    Failure   Level
 Animate Dead             Necr           0%         N/A       97%         4
 Haunt                    Necr/Summ      0%         N/A       100%        7
 Infestation              Necr           0%         N/A       100%        8


Dungeon Overview and Level Annotations

Branches:
Dungeon (2/15)

Altars:

Shops:
D:1 **:[


Innate Abilities, Weirdness & Mutations

You are very small and have problems with some larger weapons.
You are too small for most types of armour.
You have supernaturally acute eyesight. (SInv)
You cover ground extremely quickly. (Speed+++)


Message History

Press: ? - help, Q - select action, (/) - cycle Shift-Dir - straight line, f - gnoll
Aim: a gnoll, wielding a +0 club (almost dead, 64% to hit)
You throw a poisoned dart. The poisoned dart hits the gnoll.
The gnoll is almost dead.
Throw: 5 darts (poison)
Press: ? - help, Q - select action, (/) - cycle Shift-Dir - straight line, f/p - gnoll
Aim: a gnoll, wielding a +0 club (almost dead, 64% to hit)
You throw a poisoned dart. The poisoned dart hits the gnoll.
The gnoll is poisoned.
The gnoll is almost dead.
You kill the gnoll!
You have reached level 4!
You start resting.
A quokka is nearby!
Throw: 4 darts (poison)
Press: ? - help, Q - select action, (/) - cycle Shift-Dir - straight line, f - quokka
Aim: a quokka (wandering, hasn't noticed you, 50% to hit)
You throw a poisoned dart.
The poisoned dart barely misses the quokka.
Throw: 3 darts (poison)
Press: ? - help, Q - select action, (/) - cycle Shift-Dir - straight line, f/p - quokka
Aim: a quokka (50% to hit)
You throw a poisoned dart. The poisoned dart hits the quokka.
The quokka is poisoned.
You barely miss the quokka. The quokka misses you.
You closely miss the quokka. The quokka barely misses you.
You hit the quokka.
The quokka is severely wounded.
The quokka closely misses you. The quokka barely misses you.
You closely miss the quokka.
The quokka is heavily wounded.
The quokka misses you.
You miss the quokka.
The quokka is heavily wounded.
The quokka looks more healthy.
The quokka bites you.
* * * LOW HITPOINT WARNING * * *
You completely miss the quokka.
The quokka is moderately wounded.
The quokka bites you.
You die...

.........#.# #####.# #
###.##<#.#.# ### #.....# #
###........###.# ##.############
.....#.#.....#.# #.......†......
####.#.###.#.#.####..#####.......
#.#.# #.....#.........#..♣..♣♣
#.#.###.#.#.#....)......♣♣.♣♣
#.#...(...#.#....#...?..♣♣♣♣
####.#.......(.r@...+.g...♣.♣
#........#..####...##..(..♣♣♣
#.##.#.#.#..# #...####(...♣
#...........# ##### #..♣♣♣
#.#..#.....## #...♣ ...........#
###.♣ ...........# ##.♣
...#.......# ## ...###......


You could see a quokka.

Vanquished Creatures
  A gnoll (D:2)
  An adder (D:2)
  2 worms (D:2)
  2 ball pythons (D:1)
  5 bats
  3 endoplasms
  2 giant cockroaches (D:1)
  3 goblins (D:1)
  9 hobgoblins
  2 quokkas
  4 frilled lizards
  5 kobolds (D:1)
  4 rats (D:1)
43 creatures vanquished.

Notes
Turn   | Place    | Note
-------+----------+-------------------------------------------
     0 | D:1      | styxcanada the Spriggan Brigand began the quest for the
                  | Orb.
     0 | D:1      | Reached XP level 1. HP: 10/10 MP: 2/2
    25 | D:1      | Reached skill level 6 in Stealth
   423 | D:1      | Found Ymerghi's Book Boutique.
   439 | D:1      | Reached XP level 2. HP: 13/14 MP: 3/3
   588 | D:1      | Found Bofyph's General Store.
   859 | D:1      | Reached skill level 7 in Stealth
   869 | D:1      | Found Ebyis's Antique Armour Shoppe.
   971 | D:1      | Reached XP level 3. HP: 18/18 MP: 4/4
  1326 | D:1      | Found Rupyara's Assorted Antiques.
  1333 | D:1      | Bought a fizzy inky potion for 20 gold pieces
  1333 | D:1      | Bought a puce potion for 20 gold pieces
  1869 | D:2      | Reached XP level 4. HP: 4/23 MP: 5/5
  1880 | D:2      | Slain by a quokka

Illustrated notes

Levels and vault maps discovered:
D:1:      lightli_arrival_chessboard, layout_basic, serial_shops,
          nicolae_diamond_shop, shop, shop_fountains, shop_fountains,
          minmay_quantized
D:2:      layout_basic, chequers_ecumenical_altar_grove

Skill      XL: |  1  2  3 |
---------------+----------+-----
Stealth        | 6 7 |  7.6
Dodging        | 2 |  2.1
Fighting       | |  1.8
Short Blades   | |  2.6
Throwing       | |  2.1

Action                   |  1- 3 |  4- 6 || total
-------------------------+-------+-------++-------
Melee: Dagger            |   126 |     6 ||   132
Throw: Dart              |    30 |     2 ||    32
  Use: Scroll            |     6 |       ||     6
 Stab: Sleeping          |    14 |       ||    14
Armor: Robe              |    17 |       ||    17
Dodge: Dodged            |    69 |     5 ||    74
